[Event "Team 45 45 League T46"]
[Site "Internet Chess Club"]
[Date "2010.08.28"]
[Round "4"]
[White "justice02"]
[Black "cosen"]
[Result "0-1"]
[WhiteElo "1735"]
[BlackElo "1635"]
[Opening "Queen's pawn game, Darooha variation "]
[ECO "D02"]
[Time "13:59:37"]
[TimeControl "2700+45"]

1. Nf3 Nf6 2. d4 d5 3. g3 c6 4. Bg2 e6 5. O-O Be7 6. Ne5 Nbd7 7. f4 c5 8. c3 Ne4
9. Bxe4 dxe4 10. e3 h5 11. a3 h4 12. g4 Nxe5 13. fxe5 f5 14. exf6 Bxf6 15. Qc2
cxd4 16. Qxe4 dxe3 17. Bxe3 O-O 18. Nd2 Qd5 19. Qxd5 exd5 20. h3 Be6 21. Nf3 b6
22. Rad1 Rac8 23. Rfe1 Bxc3 24. Nxh4 Bxe1 25. Rxe1 Bd7 26. Bd4 Rce8 27. Rd1 Kh7
28. Kg2 g5 29. Nf3 Re2+ 30. Kg3 Kh6 31. Ne5 Bb5 32. Rc1 Re4 33. Rd1 Rff4 34. Nf3
Be2 35. Rc1 Rxf3+ 36. Kg2 Rxd4 {White resigns} 0-1

[Event "Team 45 45 League T46"]
[Site "Internet Chess Club"]
[Date "2010.08.28"]
[Round "4"]
[White "marinellib"]
[Black "Gilguli"]
[Result "0-1"]
[WhiteElo "1735"]
[BlackElo "1430"]
[Opening "Petrov: Italian variation"]
[ECO "C42"]
[Time "15:19:04"]
[TimeControl "2700+45"]

1. e4 e5 2. Nf3 Nf6 3. Bc4 Nxe4 4. Nxe5 d5 5. Qf3 f6 6. Qh5+ g6 7. Nxg6 hxg6 8.
Qxh8 dxc4 9. O-O Nc5 10. d4 cxd3 11. Nc3 d2 12. Rd1 dxc1=Q 13. Raxc1 Qe7 14. Re1
Ne6 15. Nd5 Qg7 16. Qxg7 Bxg7 17. Nxc7+ Kd8 18. Nxa8 Bd7 19. Rcd1 Nf8 20. Re3
Nc6 21. Rb3 b6 22. Rc3 Kc8 23. b4 f5 24. Rc4 Kb7 25. b5 Ne5 26. Nxb6 axb6 27.
Rb4 Be6 28. a4 Nfd7 29. f4 Ng4 30. Rd6 Nc5 31. Rb1 Nf6 32. a5 bxa5 33. Rc6 Nfe4
34. Re1 Bd4+ 35. Kf1 Bc4+ 36. Re2 Bxb5 37. Rxg6 Bxe2+ 38. Kxe2 Nc3+ 39. Kd2
N5e4+ 40. Kd3 Bb6 41. Rg7+ Kc6 42. Rf7 a4 43. Rxf5 a3 44. h4 a2 45. h5 a1=Q 46.
h6 Qd1+ 47. Kc4 Qd4+ 48. Kb3 Nc5+ 49. Kb2 N5a4+ 50. Ka1 Qd1# {White checkmated}
0-1

[Event "Team 45 45 League T46"]
[Site "Internet Chess Club"]
[Date "2010.08.27"]
[Round "4"]
[White "gmlevanzov"]
[Black "ticopatzer"]
[Result "1-0"]
[WhiteElo "1471"]
[BlackElo "1546"]
[Opening "Ruy Lopez: 5.O-O"]
[ECO "C78"]
[Time "19:00:36"]
[TimeControl "2700+45"]

1. e4 e5 2. Nf3 Nc6 3. Bb5 a6 4. Ba4 Nf6 5. O-O b5 6. Bb3 Bc5 7. c3 d6 8. Re1
O-O 9. d4 Bb6 10. h3 h6 11. Be3 Na5 12. Bc2 Bb7 13. Nbd2 Re8 14. d5 Bxe3 15.
Rxe3 c6 16. b4 Nc4 17. Nxc4 bxc4 18. Ba4 Qb6 19. dxc6 Bxc6 20. Bxc6 Qxc6 21. Qe2
a5 22. Nd2 Rec8 23. Rc1 axb4 24. cxb4 Rxa2 25. Qxc4 Qxc4 26. Rxc4 Rxc4 27. Nxc4
Ra1+ 28. Kh2 Rd1 29. f3 Rd4 30. Rc3 d5 31. Nxe5 Rxb4 32. exd5 Nxd5 33. Rc8+ Kh7
34. Nxf7 Rb2 35. Re8 Nf4 36. Kg3 Nxg2 37. h4 Kg6 38. Ne5+ Kf5 39. Nd3 Rd2 40.
Nf2 Nf4 41. Rf8+ Ke5 42. Ng4+ Kd5 43. Rxf4 {Black resigns} 1-0

[Event "Team 45 45 League T46"]
[Site "Internet Chess Club"]
[Date "2010.08.29"]
[Round "4"]
[White "rookmaster23"]
[Black "eyalki"]
[Result "1-0"]
[WhiteElo "1480"]
[BlackElo "1253"]
[Opening "Catalan opening"]
[ECO "E00"]
[Time "15:00:18"]
[TimeControl "2700+45"]

1. d4 Nf6 2. c4 e6 3. g3 Bb4+ 4. Bd2 Bxd2+ 5. Qxd2 O-O 6. Bg2 c6 7. Nc3 d5 8.
cxd5 exd5 9. Nf3 h6 10. O-O Nbd7 11. Rad1 b5 12. a3 Nb6 13. Ne5 Nc4 14. Nxc4
bxc4 15. Rfe1 Bg4 16. h3 Be6 17. e4 Qd7 18. e5 Nh7 19. h4 f6 20. Na4 Qc8 21. Nc5
Bh3 22. e6 Bxg2 23. Kxg2 Re8 24. Qc2 Re7 25. Re3 Nf8 26. Rde1 Qe8 27. Qf5 Qg6
28. Qf4 Rae8 29. Qd6 f5 30. Qxc6 f4 31. Rf3 Nxe6 32. Nxe6 Rxe6 33. Qxd5 Kh7 34.
Rxe6 Rxe6 35. Qxc4 fxg3 36. fxg3 Re2+ 37. Qxe2 {Black resigns} 1-0

[Event "Team 45 45 League T46"]
[Site "Internet Chess Club"]
[Date "2010.09.05"]
[Round "4"]
[White "Gregorio"]
[Black "Paulkov"]
[Result "1/2-1/2"]
[WhiteElo "2000"]
[BlackElo "2273"]
[Opening "English, 1...Nf6 (Anglo-Indian defense)"]
[ECO "A15"]
[Time "20:58:27"]
[TimeControl "2700+45"]

1. c4 Nf6 2. g3 c6 3. Nf3 d5 4. b3 e6 5. Bb2 Bd6 6. Bg2 O-O 7. O-O Qe7 8. d3 e5
9. e3 Nbd7 10. Nc3 Rd8 11. cxd5 Nxd5 12. Nd2 N7f6 13. Nc4 Bf5 14. Nxd6 Qxd6 15.
Ne4 Bxe4 16. dxe4 Nb4 17. Qxd6 Rxd6 18. Bxe5 Re6 19. Bc3 Na6 20. f3 Rd8 21. Rfd1
Red6 22. Rxd6 Rxd6 23. e5 Rd3 24. Bd4 Nd5 25. Bf1 Rd2 26. Bxa6 bxa6 27. Rc1 Rxa2
28. Rxc6 h6 29. Bxa7 Rb2 30. Rxa6 Rxb3 31. e6 fxe6 32. Rxe6 Kf7 33. Re5 Ne7 34.
Re4 Nc6 35. Bc5 Rc3 36. Bb6 Rb3 37. Bc7 Ne7 38. Re5 Ng6 39. Rf5+ Ke6 40. e4 Ne7
41. Rf8 Ng6 42. Rd8 Rxf3 43. Rd6+ Kf7 44. Rd7+ Kg8 45. Kg2 Re3 46. Rd4 Re2+ 47.
Kh3 Rc2 48. Rd8+ Kf7 49. Rd7+ Kg8 50. Bf4 Re2 51. e5 Kf8 52. Rd5 Kf7 {Game drawn
by mutual agreement} 1/2-1/2

[Event "Team 45 45 League T46"]
[Site "Internet Chess Club"]
[Date "2010.08.28"]
[Round "4"]
[White "jorobo"]
[Black "BlackHorse"]
[Result "1-0"]
[WhiteElo "2096"]
[BlackElo "2087"]
[Opening "King's Indian: Kazakh variation"]
[ECO "E91"]
[Time "13:00:33"]
[TimeControl "2700+45"]

1. c4 Nf6 2. Nc3 g6 3. e4 d6 4. d4 Bg7 5. Be2 O-O 6. Nf3 Na6 7. O-O c5 8. d5 Rb8
9. Rb1 Nc7 10. a3 a6 11. b4 Nd7 12. Qc2 b5 13. cxb5 axb5 14. bxc5 Nxc5 15. Nxb5
Ba6 16. Nxc7 Bxe2 17. Rxb8 Qxb8 18. Qxe2 Qxc7 19. Bd2 Ra8 20. Bb4 Na6 21. g3 Qb6
22. Qd2 Rb8 23. Bc3 Bxc3 24. Qxc3 Nc5 25. Qe3 Qb2 26. Nd4 e5 27. dxe6 fxe6 28.
Nc6 Rb6 29. Nb4 Na6 30. Qxb6 {Black resigns} 1-0

[Event "Team 45 45 League T46"]
[Site "Internet Chess Club"]
[Date "2010.08.29"]
[Round "4"]
[White "Magagna"]
[Black "Troparion"]
[Result "1/2-1/2"]
[WhiteElo "1862"]
[BlackElo "1826"]
[Opening "QGD: Janowski variation"]
[ECO "D31"]
[Time "17:12:29"]
[TimeControl "2700+45"]

1. d4 d5 2. c4 e6 3. Nc3 a6 4. cxd5 exd5 5. Bf4 c6 6. Nf3 Bf5 7. e3 Bd6 8. Bxd6
Qxd6 9. Qb3 Nd7 10. Rc1 Ra7 11. Be2 Ngf6 12. O-O h6 13. Na4 O-O 14. Nc5 Nxc5 15.
Rxc5 Re8 16. Bd3 Ne4 17. Bxe4 Bxe4 18. Nd2 Qd8 19. Nxe4 Rxe4 20. Rfc1 Qe7 21.
Qb6 Ra8 22. R5c3 Re8 23. Rb3 Qf6 24. h3 R8e7 25. Qd8+ Kh7 26. Qa8 Qg5 27. Rxb7
R7e6 28. Qxa6 Rxe3 29. Qf1 Rxh3 30. Rc3 Rh4 31. Rg3 Qh5 32. Rh3 Rxh3 33. gxh3
Qf3 34. Kh2 Qf4+ 35. Kh1 Qxd4 36. Rb3 Qd2 37. Qd3+ Qxd3 38. Rxd3 Re2 39. Rb3
Rxf2 40. a4 d4 41. a5 d3 42. Rxd3 Rxb2 43. Ra3 Rb8 44. a6 Ra8 45. a7 c5 46. Kg2
f5 47. Kf3 c4 48. Ke3 f4+ 49. Kxf4 c3 50. Ke3 g5 51. Kd3 Kg6 52. Kxc3 h5 53.
Ra6+ Kf5 54. Kd3 g4 55. hxg4+ {Game drawn by mutual agreement} 1/2-1/2

[Event "Team 45 45 League T46"]
[Site "Internet Chess Club"]
[Date "2010.08.27"]
[Round "4"]
[White "SlimeDog2"]
[Black "chiiwen"]
[Result "1-0"]
[WhiteElo "2154"]
[BlackElo "2112"]
[Opening "QGD Slav: 4.Nc3"]
[ECO "D15"]
[Time "21:34:07"]
[TimeControl "2700+45"]

1. d4 d5 2. c4 c6 3. Nf3 Nf6 4. Nc3 a6 5. b3 b5 6. Bb2 Bf5 7. e3 Nbd7 8. Be2 e6
9. Nh4 Bg6 10. Nxg6 hxg6 11. Qc2 Bd6 12. g3 Rc8 13. c5 Bc7 14. O-O-O e5 15. b4
Qe7 16. dxe5 Bxe5 17. Bf3 a5 18. a3 axb4 19. axb4 O-O 20. h4 Rfe8 21. h5 g5 22.
Qf5 Nh7 23. e4 Qe6 24. Bg4 d4 25. Qxe6 fxe6 26. Ne2 Ndf6 27. Bf3 g4 28. Bg2 Ng5
29. Nxd4 Ngxe4 30. Rhe1 Bxd4 31. Bxd4 e5 32. Bxe4 exd4 33. Bg2 Rxe1 34. Rxe1 d3
35. Kd2 Kf7 36. Kxd3 Nxh5 37. Re4 Nf6 38. Rd4 Ke7 39. Rd6 Nd7 40. Kd4 Nb8 41.
Be4 Rf8 42. Bxc6 Nxc6+ 43. Rxc6 Rxf2 44. Rg6 Rc2 45. Ke5 Rc4 46. Rxg7+ Kd8 47.
Kd6 Rd4+ 48. Kc6 Rxb4 49. Kb7 {Black resigns} 1-0

[Event "Team 45 45 League T46"]
[Site "Internet Chess Club"]
[Date "2010.08.28"]
[Round "4"]
[White "Fulvio"]
[Black "charles-allen"]
[Result "1-0"]
[WhiteElo "2033"]
[BlackElo "1842"]
[Opening "QGD Slav defense"]
[ECO "D10"]
[Time "07:31:42"]
[TimeControl "2700+45"]

1. d4 d5 2. c4 c6 3. e3 Nf6 4. Nc3 Bf5 5. Qb3 Qb6 6. Be2 Qxb3 7. axb3 e6 8. Nf3
Na6 9. O-O Nb4 10. c5 Bd3 11. Bxd3 Nxd3 12. Rd1 Nxc1 13. Rdxc1 Be7 14. b4 O-O
15. b5 Rfb8 16. Ne5 cxb5 17. Nxb5 Ne8 18. Nxa7 f6 19. Nd7 Rd8 20. Nb6 Rab8 21.
Nb5 e5 22. g4 g6 23. Ra7 exd4 24. Nxd4 Kf7 25. b4 Ng7 26. c6 bxc6 27. Nxc6 Rdc8
28. Rxe7+ Kf8 29. Nd7+ {Black resigns} 1-0

[Event "Team 45 45 League T46"]
[Site "Internet Chess Club"]
[Date "2010.08.28"]
[Round "4"]
[White "Constrictor"]
[Black "martineden"]
[Result "1-0"]
[WhiteElo "1722"]
[BlackElo "1836"]
[Opening "QGD Slav: Carlsbad variation"]
[ECO "D17"]
[Time "13:29:14"]
[TimeControl "2700+45"]

1. Nf3 d5 2. d4 Nf6 3. c4 c6 4. Nc3 dxc4 5. a4 Bf5 6. Ne5 Nbd7 7. Nxc4 Qc7 8. g3
e5 9. dxe5 Nxe5 10. Nxe5 Qxe5 11. Bf4 Qa5 12. Bd2 Bb4 13. Bg2 Rd8 14. Qc1 O-O
15. O-O Rfe8 16. e3 Re6 17. Rd1 Red6 18. f3 Qc5 19. Kh1 Bxc3 20. bxc3 Be6 21.
Qc2 Bc4 22. Be1 Qxe3 23. Rxd6 Rxd6 24. Rd1 Bd5 25. Bf2 Qe6 26. c4 Bxc4 27. Rxd6
Qxd6 28. Qxc4 Qd1+ 29. Bg1 Nd5 30. Qd4 Qe2 31. Qe4 Qxe4 32. fxe4 Nc3 33. a5 a6
34. Bd4 Nb5 35. Bb6 f6 36. Bh3 Kf7 37. Bc5 Nc3 38. Bc8 Nxe4 39. Ba3 Nd2 40. Bxb7
Nc4 41. Bb4 c5 42. Bd5+ Ke7 43. Bxc4 cxb4 44. Bxa6 Kd7 45. Bd3 Kc7 46. Kg2 h6
47. Kf2 Kc6 48. Ke3 b3 49. Kd2 g5 50. Kc3 h5 51. Kxb3 h4 52. gxh4 gxh4 53. Kb4
Kb7 54. Kb5 Ka7 55. a6 {Black resigns} 1-0

[Event "Team 45 45 League T46"]
[Site "Internet Chess Club"]
[Date "2010.08.27"]
[Round "4"]
[White "chess9793"]
[Black "Kingofknights"]
[Result "1-0"]
[WhiteElo "2001"]
[BlackElo "1647"]
[Opening "Caro-Kann: Tartakower (fantasy) variation"]
[ECO "B12"]
[Time "20:01:01"]
[TimeControl "2700+45"]

1. e4 c6 2. d4 d5 3. f3 e6 4. Nc3 Bb4 5. Bf4 dxe4 6. fxe4 Qa5 7. Ne2 Nf6 8. Qd3
Nbd7 9. O-O-O b6 10. a3 Be7 11. e5 Ba6 12. Qf3 Nd5 13. Bd2 Bxa3 14. Nxd5 Bxb2+
15. Kxb2 Qxd5 16. Qxd5 cxd5 17. Nc3 Bxf1 18. Rhxf1 a6 19. Ne2 O-O 20. Rf3 f5 21.
Nf4 Kf7 22. h4 Rfc8 23. Rc3 b5 24. Rxc8 Rxc8 25. Ra1 Rc6 26. Nd3 Nb8 27. Nc5 g6
28. Kb3 Ke8 29. Kb4 Kd8 30. h5 Ke7 31. hxg6 hxg6 32. Rh1 Nd7 33. Rh7+ Ke8 34.
Rxd7 {Black resigns} 1-0

[Event "Team 45 45 League T46"]
[Site "Internet Chess Club"]
[Date "2010.08.29"]
[Round "4"]
[White "ILRE"]
[Black "rookmaster23"]
[Result "0-1"]
[WhiteElo "1468"]
[BlackElo "1473"]
[Opening "Sicilian defense"]
[ECO "B20"]
[Time "09:04:53"]
[TimeControl "2700+45"]

1. e4 c5 2. d3 Nc6 3. g3 d6 4. Bg2 Nf6 5. Nc3 e5 6. Nge2 Be7 7. O-O Be6 8. f4
exf4 9. Nxf4 Bg4 10. Qe1 Nd4 11. Qd2 Qd7 12. Nfd5 Nxd5 13. Nxd5 O-O 14. c3 Ne2+
15. Kh1 f5 16. Nxe7+ Qxe7 17. Qg5 Qxg5 18. Bxg5 Rab8 19. Bf3 Bxf3+ 20. Rxf3 fxe4
21. Rxf8+ Rxf8 22. dxe4 Re8 23. Re1 Rxe4 24. Kg2 Nf4+ 25. Kf1 Rxe1+ 26. Kxe1
Nd3+ 27. Kd2 Nxb2 28. Be7 Nc4+ 29. Kd3 b5 30. Ke4 Kf7 31. Bg5 h6 32. Bc1 Ke6 33.
Kf3 b4 34. cxb4 cxb4 35. Ke4 d5+ 36. Kd4 a5 37. h4 a4 38. Bf4 b3 39. axb3 axb3
40. Kc3 b2 {White resigns} 0-1

[Event "Team 45 45 League T46"]
[Site "Internet Chess Club"]
[Date "2010.08.28"]
[Round "4"]
[White "krysto"]
[Black "houseofcook"]
[Result "1-0"]
[WhiteElo "1405"]
[BlackElo "1390"]
[Opening "French: advance variation"]
[ECO "C02"]
[Time "14:14:25"]
[TimeControl "2700+45"]

1. e4 e6 2. d4 d5 3. e5 c5 4. c3 Qb6 5. a3 Nc6 6. Nf3 Bd7 7. Be2 cxd4 8. cxd4
Nge7 9. b4 Nf5 10. Be3 Be7 11. O-O O-O 12. Qd2 f6 13. Qd3 Nxe3 14. Qxe3 fxe5 15.
Nxe5 Nxe5 16. Qxe5 Bf6 17. Qg3 Bxd4 18. Ra2 Rf6 19. Nd2 e5 20. Nf3 Rg6 21. Qh4
Rf6 22. Nxd4 Qxd4 23. Qxd4 exd4 24. Bf3 Bc6 25. Rd2 d3 26. Rfd1 Re8 27. Rxd3
Rfe6 28. Kf1 Re5 29. Bxd5+ Bxd5 30. Rxd5 R5e7 31. Rd7 Kf7 32. R1d3 Rxd7 33.
Rxd7+ Re7 34. Rxe7+ Kxe7 35. Ke2 Ke6 36. Ke3 Ke5 37. f4+ Kd5 38. Kd3 g6 39. g4
a6 40. a4 b6 41. h3 a5 42. bxa5 bxa5 43. h4 Kc5 44. f5 gxf5 45. gxf5 Kd5 46. f6
Ke6 47. f7 Kxf7 48. Kc4 Kg6 49. Kb5 Kh5 50. Kxa5 Kxh4 51. Kb6 Kg3 52. a5 h5 53.
a6 h4 54. a7 h3 55. a8=Q h2 56. Qh1 Kh3 57. Kc5 Kg3 58. Kd4 Kh3 59. Ke4 Kg3 60.
Ke3 {Black resigns} 1-0

[Event "Team 45 45 League T46"]
[Site "Internet Chess Club"]
[Date "2010.08.27"]
[Round "4"]
[White "blizzard13"]
[Black "LeanSixSigma"]
[Result "0-1"]
[WhiteElo "1375"]
[BlackElo "1536"]
[Opening "Sicilian defense"]
[ECO "B33"]
[Time "10:00:46"]
[TimeControl "2700+45"]

1. e4 c5 2. Nf3 Nc6 3. d4 cxd4 4. Nxd4 Nf6 5. Nc3 e6 6. Be3 Bb4 7. Bd3 e5 8. Nf5
Bf8 9. Bc4 d5 10. Bxd5 Nxd5 11. Nxd5 Bxf5 12. exf5 Qa5+ 13. c3 Rd8 14. Qg4 Rxd5
15. O-O Qd8 16. Rfd1 Rxd1+ 17. Rxd1 Qc8 18. Qh5 Be7 19. Qf3 Bf6 20. g4 h6 21.
Bc5 Be7 22. Qe3 O-O 23. a3 Bxc5 24. Qxc5 Rd8 25. Rxd8+ Qxd8 26. Kg2 Qg5 27. h3
Qd2 28. b4 Qc2 29. Qc4 Nd4 30. Qc8+ Kh7 31. Qxb7 Qxc3 32. Qe4 Qc6 33. Qxc6 Nxc6
34. b5 Na5 35. Kf3 Nc4 36. a4 f6 37. Ke4 Kg8 38. Kd5 Nb6+ 39. Ke6 Nxa4 40. h4 a5
41. g5 Nc5+ 42. Kd5 Nb7 43. b6 a4 44. Kc4 Na5+ 45. Kb4 a3 46. Kxa3 Nc4+ 47. Kb4
Nxb6 48. Kc5 Nd7+ 49. Kd6 Nf8 50. Ke7 hxg5 51. hxg5 fxg5 52. Kd6 Kf7 53. Kxe5
Nd7+ 54. Kd6 Nf6 55. f3 Kg8 56. Ke7 Kh7 57. Kf7 Kh6 58. Kf8 Nd7+ 59. Ke7 Ne5 60.
f6 gxf6 61. Kxf6 Nxf3 62. Kf5 Kh5 63. Ke4 g4 64. Ke3 Kh4 65. Kf2 Kh3 66. Kf1 Kh2
67. Kf2 Nh4 {White resigns} 0-1

[Event "Team 45 45 League T46"]
[Site "Internet Chess Club"]
[Date "2010.08.28"]
[Round "4"]
[White "supraholic"]
[Black "bigdill"]
[Result "1-0"]
[WhiteElo "1282"]
[BlackElo "838"]
[Opening "King's pawn game"]
[ECO "C50"]
[Time "15:01:55"]
[TimeControl "2700+45"]

1. e4 e5 2. Nf3 Nc6 3. Bc4 Qf6 4. Nc3 Bc5 5. a3 Nge7 6. d3 Nd4 7. Be3 d6 8. Nd2
c6 9. O-O Be6 10. Na4 b5 11. Nxc5 dxc5 12. Bxe6 Qxe6 13. c3 Rd8 14. cxd4 cxd4
15. Bg5 f6 16. Bh4 Ng6 17. Bg3 O-O 18. Qb3 Qxb3 19. Nxb3 f5 20. f3 f4 21. Be1
Ra8 22. Bb4 Rf6 23. Rfc1 Nh4 24. Kf2 Rc8 25. Be7 Rh6 26. Bg5 Rh5 27. Bxh4 Rxh4
28. h3 a6 29. Rc5 Rh5 30. Rac1 Rg5 31. Rxc6 Rxc6 32. Rxc6 h6 33. Rxa6 Rg3 34.
Rb6 Rg5 35. Rxb5 Kh7 36. a4 Rg6 37. a5 Ra6 38. Rb6 Rxa5 39. Nxa5 h5 40. b4 h4
41. b5 g6 42. Rc6 Kh6 43. b6 Kh5 44. Rc8 {Black resigns} 1-0

[Event "Team 45 45 League T46"]
[Site "Internet Chess Club"]
[Date "2010.08.28"]
[Round "4"]
[White "JohLeb"]
[Black "smsxman"]
[Result "1-0"]
[WhiteElo "1335"]
[BlackElo "1377"]
[Opening "QGD: 4.Nf3"]
[ECO "D37"]
[Time "12:46:20"]
[TimeControl "2700+45"]

1. d4 Nf6 2. c4 d5 3. Nc3 e6 4. Nf3 Nc6 5. Bg5 Be7 6. e3 O-O 7. Rc1 a6 8. Bd3
Nb4 9. O-O Nxd3 10. Qxd3 Bd7 11. Ne5 Bc8 12. f4 Ne4 13. Bxe7 Qxe7 14. Nxe4 dxe4
15. Qxe4 c6 16. c5 f6 17. Nc4 f5 18. Qe5 Rd8 19. Nd6 Rf8 20. Rf3 Qf6 21. Qxf6
Rxf6 22. e4 Rb8 23. b4 Rf8 24. exf5 exf5 25. Re1 b5 26. Re7 a5 27. a3 Ba6 28.
Rg3 g6 29. Rh3 h5 30. Rg3 Rf6 31. Rge3 axb4 32. axb4 Rd8 33. Ra7 Bc8 34. Ree7
Be6 35. Rac7 Bd5 36. Rg7+ Kf8 37. Rge7 Ra8 38. Ra7 Rxa7 39. Rxa7 Re6 40. Ra8+
Ke7 41. Re8+ Kf6 42. Rxe6+ Kxe6 43. Kf2 Be4 44. g3 Kd5 45. Ke3 Bg2 46. h4 Ke6
47. Nc8 Kd7 48. Nb6+ Kc7 49. d5 Bxd5 50. Nxd5+ cxd5 51. Kd4 Kc6 52. Ke5 g5 53.
hxg5 d4 54. Kxd4 Kd7 55. Ke5 {Black resigns} 1-0

[Event "Team 45 45 League T46"]
[Site "Internet Chess Club"]
[Date "2010.08.26"]
[Round "4"]
[White "tryanything"]
[Black "trickey1872"]
[Result "1/2-1/2"]
[WhiteElo "1621"]
[BlackElo "1473"]
[Opening "Scandinavian defense"]
[ECO "B01"]
[Time "04:31:59"]
[TimeControl "2700+45"]

1. e4 d5 2. exd5 Nf6 3. Nc3 c6 4. d4 cxd5 5. Nf3 a6 6. Be2 Nc6 7. O-O Bf5 8. a3
e6 9. Bf4 Qb6 10. b4 Bxb4 11. axb4 Qxb4 12. Na4 O-O 13. c3 Qe7 14. Ne5 Ne4 15.
Nxc6 bxc6 16. Qb3 Nd6 17. Qa3 Rfd8 18. Nc5 Nb5 19. Bxb5 cxb5 20. Nxa6 Qh4 21.
Bg3 Qg5 22. Qb4 Bd3 23. Rfc1 Rxa6 24. f4 Rxa1 25. Rxa1 Qf5 26. Qe7 Qf6 27. Bh4
Qxe7 28. Bxe7 Re8 29. Kf2 f5 30. Bb4 Bc4 31. g3 Kf7 32. Ra7+ Kg6 33. h4 h6 34.
Bd6 Rg8 35. Be5 h5 36. Ra6 Re8 37. Ra7 Rg8 38. Ra6 Re8 39. Ra7 Rg8 40. Ra6 {Game
drawn by repetition} 1/2-1/2

[Event "Team 45 45 League T46"]
[Site "Internet Chess Club"]
[Date "2010.08.31"]
[Round "4"]
[White "CoasterBrake"]
[Black "ars-felidae"]
[Result "1/2-1/2"]
[WhiteElo "1223"]
[BlackElo "1377"]
[Opening "Sicilian: Grand Prix attack"]
[ECO "B23"]
[Time "09:03:17"]
[TimeControl "2700+45"]

1. e4 c5 2. Nc3 Nc6 3. f4 d6 4. Nf3 Bg4 5. Be2 Bxf3 6. Bxf3 Nf6 7. d3 e5 8. Be3
exf4 9. Bxf4 Be7 10. O-O O-O 11. Be3 Nd4 12. Bxd4 cxd4 13. Ne2 Qb6 14. Rb1 Rfc8
15. Kh1 Rc7 16. c3 dxc3 17. Nxc3 Rac8 18. Bg4 Rd8 19. Qe2 d5 20. exd5 Nxd5 21.
Nxd5 Rxd5 22. Bf3 Rd6 23. Rbc1 Re6 24. Be4 Rxc1 25. Rxc1 g6 26. Qc2 Kg7 27. b3
Qe3 28. Qc3+ Kh6 29. Re1 Qf2 30. Qc1+ Bg5 31. Qb1 f5 32. Rf1 Qb6 33. Bf3 Qb4 34.
g3 b6 35. Rd1 Qd4 36. Qc2 Re5 37. Qg2 Re3 38. Qh3+ Kg7 39. Qf1 Qb2 40. Qg2 Qc3
{Game drawn by mutual agreement} 1/2-1/2

[Event "Team 45 45 League T46"]
[Site "Internet Chess Club"]
[Date "2010.08.30"]
[Round "4"]
[White "DrOMM"]
[Black "Fogbound"]
[Result "1-0"]
[WhiteElo "1352"]
[BlackElo "1321"]
[Opening "Robatsch (modern) defense"]
[ECO "B06"]
[Time "15:00:16"]
[TimeControl "2700+45"]

1. e4 g6 2. Nf3 Bg7 3. Bc4 b6 4. d3 e6 5. Nc3 a6 6. a3 Ne7 7. Bg5 Bb7 8. O-O
Nbc6 9. Re1 Na5 10. Ba2 O-O 11. b4 Bxc3 12. bxa5 Bxa1 13. Qxa1 f6 14. Bxf6 Rxf6
15. Qxf6 Qf8 16. Qd4 Rd8 17. Ne5 Qg7 18. Bxe6+ Kh8 19. Nf7+ Kg8 20. Qxg7+ Kxg7
21. Nxd8 Bc8 22. Ba2 b5 23. Nf7 Bb7 24. Ng5 Nc6 25. e5 Nxa5 26. e6 dxe6 27.
Nxe6+ Kh6 28. Nxc7 Bc8 29. Be6 Bb7 30. d4 Kg5 31. d5 Nc4 32. Re4 Nd6 33. Rg4+
Kf6 34. Rf4+ Ke5 35. Rf8 Nc4 36. Rf7 h6 37. Nxb5 Bxd5 38. Bxd5 Kxd5 39. Nc7+ Kd6
40. Nxa6 Nxa3 41. Rf6+ Ke5 42. Rxg6 Nxc2 43. Rxh6 Nd4 44. Nc5 Kd5 45. Rh5+ Kc4
46. Ne4 Ne2+ 47. Kf1 Nf4 48. Ra5 Kb4 49. Rf5 Ng6 50. Rf6 Ne5 51. f3 Nc4 52. h4
Ne3+ 53. Kf2 Nd5 54. Rf8 Ne7 55. h5 Kc4 56. g4 Kd5 57. g5 Ke5 58. g6 Ke6 59. g7
Kd7 60. g8=Q Nxg8 61. Rxg8 Ke7 62. h6 Kf7 63. Rg1 Ke6 64. h7 {Black resigns} 1-0

[Event "Team 45 45 League T46"]
[Site "Internet Chess Club"]
[Date "2010.08.28"]
[Round "4"]
[White "badmove"]
[Black "rook9999"]
[Result "1-0"]
[WhiteElo "1713"]
[BlackElo "1598"]
[Opening "Sicilian: closed"]
[ECO "B24"]
[Time "09:00:23"]
[TimeControl "2700+45"]

1. e4 c5 2. Nc3 Nc6 3. g3 d6 4. Bg2 e6 5. d3 Be7 6. f4 Nf6 7. Nf3 a6 8. O-O Nd4
9. Be3 Ng4 10. Re1 O-O 11. Bxd4 cxd4 12. Nxd4 e5 13. Nf5 Be6 14. Nxe7+ Qxe7 15.
f5 Qg5 16. fxe6 Ne3 17. Qe2 Nxg2 18. Qxg2 {Black resigns} 1-0

[Event "Team 45 45 League T46"]
[Site "Internet Chess Club"]
[Date "2010.08.29"]
[Round "4"]
[White "zigzag2002"]
[Black "dscvdchk"]
[Result "0-1"]
[WhiteElo "1627"]
[BlackElo "1508"]
[Opening "Scandinavian: Pytel-Wade variation"]
[ECO "B01"]
[Time "19:00:35"]
[TimeControl "2700+45"]

1. e4 d5 2. exd5 Qxd5 3. Nc3 Qd6 4. d4 g6 5. Nb5 Qb6 6. Be3 a6 7. d5 Qa5+ 8. Nc3
Bg7 9. Bd4 Nf6 10. Nf3 c5 11. Bxf6 Bxf6 12. Qd2 O-O 13. Be2 b5 14. Rb1 b4 15.
Ne4 Bg7 16. a3 Nd7 17. O-O Qb6 18. axb4 Qxb4 19. c3 Qxe4 20. Ng5 Qe5 21. Nf3 Qd6
22. c4 Ne5 23. b4 Bf5 24. Rb3 Rab8 25. b5 axb5 26. Rxb5 e6 27. dxe6 Qxd2 28.
exf7+ Nxf7 29. Nxd2 Rxb5 30. cxb5 Rb8 31. Nb3 Nd6 32. g4 Bc2 33. Nxc5 Nxb5 34.
Nd3 Nd4 35. Nf4 Nxe2+ 36. Nxe2 Bd3 37. Re1 Rb2 38. Kf1 Bc3 39. Rc1 Bxe2+ 40. Kg2
Rb3 41. h3 Bf6 42. Rc8+ Kf7 43. Rc7+ Be7 44. Ra7 Bf3+ 45. Kh2 h5 46. gxh5 gxh5
47. Ra1 Bd6+ 48. Kg1 Ke6 49. Re1+ Kf5 50. Rf1 Bc5 51. Kh2 h4 52. Kg1 Rb2 53. Kh2
Bxf2 54. Rxf2 Rxf2+ 55. Kg1 Rg2+ 56. Kf1 Rg3 57. Kf2 Rxh3 58. Ke3 Be4+ 59. Kd4
Rd3+ 60. Kc5 h3 61. Kc4 h2 62. Kc5 h1=Q 63. Kc4 Qc1+ 64. Kb4 Qc3+ 65. Kb5 Rd5+
66. Kb6 Qc5+ 67. Kb7 Rd7+ 68. Kb8 Qc7# {White checkmated} 0-1

[Event "Team 45 45 League T46"]
[Site "Internet Chess Club"]
[Date "2010.08.29"]
[Round "4"]
[White "chicopee-ed"]
[Black "baseball613"]
[Result "1-0"]
[WhiteElo "1324"]
[BlackElo "1269"]
[Opening "QGD Slav: 3.Nf3"]
[ECO "D11"]
[Time "09:00:15"]
[TimeControl "2700+45"]

1. d4 c6 2. Nf3 d5 3. c4 Bg4 4. Ne5 Bf5 5. e3 e6 6. Qh5 Nh6 7. Nc3 Nd7 8. cxd5
cxd5 9. e4 Bxe4 10. Nxe4 dxe4 11. Bxh6 gxh6 12. Qxf7# {Black checkmated} 1-0

[Event "Team 45 45 League T46"]
[Site "Internet Chess Club"]
[Date "2010.08.27"]
[Round "4"]
[White "iwin2"]
[Black "vishnugupta"]
[Result "1-0"]
[WhiteElo "1026"]
[BlackElo "1255"]
[Opening "Sicilian defense"]
[ECO "B41"]
[Time "21:01:10"]
[TimeControl "2700+45"]

1. e4 c5 2. Nf3 e6 3. d4 cxd4 4. Nxd4 e5 5. Nf5 d6 6. Qd5 Nh6 7. Bb5+ Nc6 8.
Bxc6+ bxc6 9. Qxc6+ Bd7 10. Nxd6+ Bxd6 11. Qxd6 Qf6 12. Qd5 Rd8 13. O-O Bc6 14.
Qc4 O-O 15. Nc3 Rd4 16. Qc5 a6 17. Be3 Rdd8 18. Rad1 Rc8 19. Qa5 Ra8 20. Bc5
Rfe8 21. Rd6 Re6 22. Rfd1 g6 23. Rxe6 Qxe6 24. Rd6 Qe8 25. Qb6 Bb5 26. a3 Rb8
27. Qa7 f5 28. Nd5 Kh8 29. Nf6 Qf7 30. Qxb8+ Kg7 31. exf5 Nxf5 32. Rd8 Qc4 33.
Rd1 Kxf6 34. Qf8+ Qf7 35. Qxf7+ Kxf7 36. g3 h5 37. h4 Ke6 38. c3 Ba4 39. Rd8 Bb3
40. Kf1 a5 41. Ke2 a4 42. Kd3 Bd5 43. c4 e4+ 44. Kc3 Bc6 45. b3 e3 46. Bxe3 axb3
47. Kxb3 Nxe3 48. fxe3 Ke5 49. a4 Ke4 50. a5 Kxe3 51. a6 Kf3 52. a7 Kxg3 53.
a8=Q Bxa8 54. Rxa8 Kxh4 55. Rf8 g5 56. c5 g4 57. Rg8 Kg3 58. c6 h4 59. c7 h3 60.
c8=Q h2 61. Qxg4+ Kf2 62. Qg3+ Ke2 63. Qxh2+ Ke3 64. Rg3+ Kd4 65. Qh4+ Ke5 66.
Rg5+ Kf6 67. Qh6+ Kf7 68. Rg7+ {Black resigns} 1-0